 Dungeon Crawl Stone Soup version 0.30-a0-170-g85af917532 (webtiles) character file.

Game seed: 11715273262148354236

14 IdlyInterested the Ducker (level 2, 0/23 HPs)
             Began as a Demonspawn Gladiator on Sept 30, 2022.
             Slain by a goblin
             ... wielding a +0 club
             ... led by Robin
              (6 damage)
             ... on level 2 of the Dungeon.
             The game lasted 00:02:25 (1129 turns).

IdlyInterested the Ducker (Demonspawn Gladiator)    Turns: 1129, Time: 00:02:25

Health: 0/23       AC:  7    Str: 14    XL:     2   Next: 27%
Magic:  2/2        EV:  9    Int:  9    God:
Gold:   90         SH:  7    Dex: 14    Spells: 1/1 levels left

rFire   . . .      SeeInvis .    a - +0 long sword
rCold   . . .      Faith    .    o - +0 kite shield
rNeg    . . .      Spirit   .    q - +0 ring mail
rPois   .          Reflect  .    c - +0 helmet
rElec   .          Harm     .    m - +0 cloak
rCorr   .          Rampage  .    (no gloves)
Will    .....                    (no boots)
Stlth   +.........               (no amulet)
HPRegen 0.07/turn                (no ring)
MPRegen 0.08/turn                (no ring)

@: flying (expiring)
A: claws 1
a: no special abilities


You were on level 2 of the Dungeon.
You visited 1 branch of the dungeon, and saw 2 of its levels.

You collected 90 gold pieces.

Inventory:

Hand Weapons
 a - a +0 long sword (weapon)
Missiles
 d - 3 throwing nets
 e - a javelin
 l - 4 boomerangs (quivered)
Armour
 b - a +0 leather armour
 c - a +0 helmet (worn)
 m - a +0 cloak (worn)
 o - a +0 kite shield (worn)
 q - a +0 ring mail (worn)
Scrolls
 g - a scroll of teleportation {unknown}
 h - a scroll of vulnerability {unknown}
 i - a scroll of identify {unknown}
 k - a scroll of acquirement {unknown}
 n - a scroll of enchant armour {unknown}
 p - a scroll of poison {unknown}
Potions
 f - a potion of flight
 r - a potion of attraction {unknown}


   Skills:
 + Level 2.5 Fighting
 - Level 2.6 Long Blades
 - Level 2.0 Throwing
 - Level 3.0 Dodging


You had one spell level left.
You didn't know any spells.
Your spell library was empty.

Dungeon Overview and Level Annotations

Branches:
Dungeon (2/15)

Altars:

Annotations:
D:2 Robin


Innate Abilities, Weirdness & Mutations

You have sharp fingernails.


Message History

The goblin hits you but does no damage. You block the goblin's attack. x2
Unknown command.
You closely miss the goblin.
The goblin no longer looks unusually strong.
The goblin hits you with a +0 club. The goblin barely misses you.
A goblin comes into view. It is wielding a +0 dagger.
The goblin hits you but does no damage. The goblin closely misses you.
The goblin hits you but does no damage. x3
The goblin hits you with a +0 dagger.
You hit the goblin.
You kill the goblin!
You block the goblin's attack.
The goblin hits you but does no damage. x2
Unknown command.
You hit the goblin.
The goblin is severely wounded.
You are starting to lose your buoyancy.
The goblin closely misses you. The goblin hits you with a +0 dagger.
A goblin comes into view. It is wielding a +0 club.
The goblin hits you but does no damage.
Robin says, "Bow before me, strongest of all the hobgoblins!"
Robin roars a battlecry!
The goblins go into a battle-frenzy!
The goblin barely misses you. x2; The goblin closely misses you.
The goblin hits you but does no damage. You block the goblin's attack.
You completely miss the goblin.
The goblin is severely wounded.
The goblin shouts!
The goblin hits you but does no damage. x2; The goblin hits you with a +0 club.
You block the goblin's attack.
Unknown command.
You barely miss the goblin.
The goblin is severely wounded.
The goblin hits you with a +0 club.
* * * LOW HITPOINT WARNING * * *
You block the goblin's attack. x2; The goblin hits you but does no damage.
Unknown command.
You closely miss the goblin.
The goblin is severely wounded.
The goblin hits you but does no damage. x2; The goblin hits you with a +0 club.
You die...

.######
......g
......g##
.....gg@#
......gg#
....[..b.
.......###
.......
.......
.......
#######


You could see Robin, 5 goblins and a bat.

Vanquished Creatures
  A ball python (D:1)
  A bat (D:1)
  2 endoplasms
  2 hobgoblins
  A quokka (D:1)
  4 goblins (D:2)
11 creatures vanquished.

Notes
Turn   | Place    | Note
-------+----------+-------------------------------------------
     0 | D:1      | IdlyInterested the Demonspawn Gladiator began the quest for
                  | the Orb.
     0 | D:1      | Reached XP level 1. HP: 16/16 MP: 1/1
   481 | D:1      | Reached skill level 3 in Dodging
  1110 | D:2      | Noticed Robin
  1114 | D:2      | Gained mutation: You have sharp fingernails. [demonic
                  | ancestry]
  1114 | D:2      | Reached XP level 2. HP: 17/23 MP: 2/2
  1129 | D:2      | Slain by a goblin

Illustrated notes

Levels and vault maps discovered:
D:1:      lightli_arrival_flooded_house, layout_loops_corners
D:2:      layout_basic, uniq_natasha, uniq_robin

Skill      XL: |  1  2 |
---------------+-------+-----
Dodging        | 3 |  3.0
Throwing       | 2 |  2.0
Fighting       | |  2.5
Long Blades    | |  2.6

Action                   || total
-------------------------++-------
Melee: Long sword        ||    31
  Use: Potion            ||     2
 Stab: Sleeping          ||     1
Armor: Ring mail         ||    45
       Leather armour    ||     2
Dodge: Dodged            ||    37
Block: Kite shield       ||    21

Table legend: (Time is in decaauts)
 A = Elapsed time spent in this place.
 B = Non-inter-level travel time spent in this place.
 C = Inter-level travel time spent in this place.
 D = Time resting spent in this place.
 E = Time spent auto-exploring this place.
 F = Levels seen in this place.
 G = Mean time per level.
                   A        B        C        D        E       F      G
               +--------+--------+--------+--------+--------+-----+--------+
         Total |   1141 |   1066 |     75 |    143 |    795 |   2 |  570.5 |
       Dungeon |   1141 |   1066 |     75 |    143 |    795 |   2 |  570.5 |
               +--------+--------+--------+--------+--------+-----+--------+

Top non-repeatable levels by time:
     D:1: 1111 daAuts
     D:2: 29 daAuts
